AoeStats
← [AFTM] manimues

African Clearing

510679318Analyzed
3v3 RM · 12h ago on Oct 2, 2026· 52m 39s· 6 players
Game mode
Random Map
Map size
Normal (6 player)
Population
200
Speed
Normal
Resources
Standard
Victory
Conquest
Starting age
Dark Age
Ending age
Imperial Age
RankedLock teamsTeams togetherTeam positionsShared explorationLock speedFull tech treeHidden civsTurbo modeCheats
Victory
Defeat
🇳🇿 Inca · New Zealand
1256
+19
🇺🇸 Mongols · United States
1229
+20
🇦🇺 Bohemians · Australia
1224
+20
1354
-22
🇨🇱 Mapuche · Chile
1305
-19
🇨🇱 Varangians · Chile
1268
-18
WaffNub
3:23 Loom
14:13 Feudal Age
14:26 Champi Runner
21:45 Double-Bit Axe
21:45 Horse Collar
28:03 Castle Age
27:10 Scale Mail Armor
27:20 Forging
28:11 Champi Warrior
30:28 Wheelbarrow
30:05 Squires
35:57 Gold Mining
36:20 Bow Saw
36:26 Bow Saw
36:17 Heavy Plow
37:12 Chain Mail Armor
38:44 Stone Mining
41:37 Iron Casting
43:18 Hand Cart
48:53 Imperial Age
49:02 Elite Champi Warrior
51:20 Plate Mail Armor
51:50 Blast Furnace
51:10 Arson
JSJE
3:08 Loom
14:00 Feudal Age
15:17 Town Watch
19:22 Castle Age
17:22 Double-Bit Axe
20:40 Bow Saw
28:01 Horse Collar
31:32 Fletching
31:59 Heavy Plow
32:35 Pikeman
41:59 Wagenburg Tactics
43:03 Scale Mail Armor
46:25 Imperial Age
45:16 Wheelbarrow
44:41 Town Patrol
45:46 Squires
45:31 Arson
46:03 Chain Mail Armor
45:59 Forging
47:07 Ballistics
46:37 Halberdier
47:37 Bodkin Arrow
48:44 Chemistry
48:01 Capped Ram
one more game
3:59 Loom
13:20 Feudal Age
15:24 Double-Bit Axe
18:17 Castle Age
16:33 Horse Collar
18:22 Bloodlines
19:58 Scale Barding Armor
26:43 Husbandry
36:45 Wheelbarrow
36:24 Heavy Plow
37:46 Fletching
39:20 Bow Saw
39:26 Bodkin Arrow
41:52 Town Watch
42:17 Padded Archer Armor
46:34 Imperial Age
44:52 Ballistics
44:50 Leather Archer Armor
45:05 Forging
45:47 Thumb Ring
45:40 Gold Mining
45:41 Stone Mining
45:38 Light Cavalry
47:09 Chain Barding Armor
46:41 Elite Mangudai
47:23 Bracer
48:28 Chemistry
48:32 Stone Shaft Mining
48:39 Conscription
49:53 Siege Engineers
51:16 Parthian Tactics
Dr. Corbata
11:12 Loom
13:54 Feudal Age
14:47 Champi Runner
16:08 Forging
16:42 Scale Mail Armor
22:35 Castle Age
22:09 Fletching
22:20 Padded Archer Armor
22:27 Double-Bit Axe
22:24 Horse Collar
25:06 Bodkin Arrow
32:26 Leather Archer Armor
37:17 Imperial Age
AiM | Mantequilla de Mani
9:04 Loom
12:04 Feudal Age
13:50 Man-at-Arms
23:59 Castle Age
23:43 Bloodlines
40:29 Wheelbarrow
48:47 Fletching
51:11 Bodkin Arrow
[AFTM] manimues
12:37 Loom
14:28 Feudal Age
15:24 Double-Bit Axe
17:06 Bloodlines
18:26 Forging
29:02 Scale Barding Armor
31:18 Horse Collar
34:46 Castle Age
35:32 Husbandry
36:55 Gold Mining
36:56 Stone Mining
39:28 Town Watch
43:38 Heavy Plow
44:46 Chain Barding Armor
45:39 Wheelbarrow
Connection lost

Rejoining the realm…

Still unreachable

The connection could not be restored.

Session expired

The server has moved on; the page needs a fresh start.